 Dungeon Crawl Stone Soup version 0.30-a0-989-g0d87f670db (webtiles) character file.

Game seed: 7284468677251276062

4275 DeathPants the Carver (level 10, -3/53 HPs)
             Began as a Vine Stalker Gladiator on Apr 2, 2023.
             Was an Initiate of Gozag.
             Slain by an orc warrior
             ... wielding a +0 halberd
              (10 damage)
             ... on level 8 of the Dungeon.
             The game lasted 00:16:31 (6651 turns).

DeathPants the Carver (Vine Stalker Gladiator)      Turns: 6651, Time: 00:16:31

Health: -3/53      AC:  9    Str: 18    XL:     10   Next: 31%
Magic:  0/18       EV: 15    Int: 10    God:    Gozag
Gold:   1130       SH:  0    Dex: 23    Spells: 17/18 levels left

rFire   . . .      SeeInvis .    a - +0 long sword
rCold   . . .      Faith    .    (no shield)
rNeg    . . .      Spirit   +    F - +0 steam dragon scales
rPois   .          Reflect  .    c - +1 helmet
rElec   .          Rampage  .    u - +1 cloak
rCorr   +                        (no gloves)
Will    +....                    (no boots)
Stlth   ++                       A - amulet of regeneration
HPRegen 1.88/turn                r - ring of resist corrosion
MPRegen 0.16/turn                y - +6 ring of dexterity

@: mighty
A: fangs 3, regeneration 1, magic shield, antimagic bite, no potion heal 2
a: Renounce Religion, Potion Petition, Call Merchant, Bribe Branch


You were on level 8 of the Dungeon.
You worshipped Gozag.
Gozag was most pleased with you.
You visited 1 branch of the dungeon, and saw 9 of its levels.

You collected 1173 gold pieces.
You paid 43 gold pieces to Gozag.

Inventory:

Hand Weapons
 a - a +0 long sword (weapon)
Missiles
 d - a throwing net
 e - a javelin
 s - 3 boomerangs
 x - 4 atropa-tipped darts
 E - 7 poisoned darts
Armour
 c - a +1 helmet (worn)
 u - a +1 cloak (worn)
 F - +0 steam dragon scales (worn)
Jewellery
 r - a ring of resist corrosion (left hand)
 t - a +6 ring of intelligence
 w - a ring of see invisible
 y - a +6 ring of dexterity (right hand)
 A - an amulet of regeneration (around neck)
Wands
 v - a wand of iceblast (8)
 z - a wand of polymorph (3)
 B - a wand of paralysis (6)
Scrolls
 b - a scroll of enchant weapon
 g - 4 scrolls of fog
 l - 2 scrolls of amnesia
 o - 3 scrolls of teleportation
Potions
 f - a potion of magic
 h - a potion of invisibility
 i - 4 potions of curing
 j - 2 potions of brilliance
 k - 3 potions of mutation
 m - 6 potions of attraction
 n - 3 potions of haste
 C - a potion of flight {unknown}
 D - a potion of lignification {unknown}


   Skills:
 + Level 6.2 Fighting
 * Level 9.0 Long Blades
 - Level 1.7 Throwing
 - Level 3.1 Armour
 - Level 4.1 Dodging
 + Level 4.9 Spellcasting
 + Level 5.0 Necromancy


You had 17 spell levels left.
You knew the following spells:

 Your Spells              Type           Power      Damage    Failure   Level
a - Necrotise             Necr           48%        1d6       3%          1

Your spell library contained the following spells:

 Spells                   Type           Power      Damage    Failure   Level
 Apportation              Tloc           4%         N/A       24%         1
 Beastly Appendage        Tmut           4%         N/A       24%         1
 Magic Dart               Conj           8%         1d3       24%         1
 Summon Small Mammal      Summ           8%         N/A       24%         1
 Blink                    Tloc           4%         N/A       34%         2
 Call Imp                 Summ           2%         N/A       34%         2
 Lesser Beckoning         Tloc           4%         N/A       34%         2
 Momentum Strike          Conj/Tloc      4%         3d8       34%         2
 Wereblood                Tmut           2%         N/A       34%         2
 Ignite Poison            Fire/Tmut/Pois 2%         N/A       56%         3
 Kindle Blastsparks       Fire/Tloc/Air  4%         2d10      56%         3
 Mephitic Cloud           Conj/Pois/Air  2%         N/A       56%         3
 Spider Form              Tmut/Pois      2%         N/A       56%         3
 Freezing Cloud           Conj/Ice/Air   1%         6-21      100%        5


Dungeon Overview and Level Annotations

Branches:
Dungeon (9/15)             Temple (0/1) D:7
   Lair: D:8-11         Orc: D:9-12

Altars:
Ashenzari
Cheibriados
Elyvilon
Gozag
Hepliaklqana
Kikubaaqudgha
Okawaru
Qazlal
Ru
Sif Muna
Trog
Uskayaw
Vehumet
Wu Jian
The Shining One


Innate Abilities, Weirdness & Mutations

You have razor-sharp teeth.
Your natural rate of healing is unusually fast.
When hurt, damage is shared between your health and your magic reserves.
Your bite disrupts and absorbs the magic of your enemies.
Potions cannot restore your health.


Message History

The acid dragon is severely wounded.
The orc warrior misses you. The acid dragon spits acid at you.
The splash of acid misses you.
You slash the acid dragon!
You kill the acid dragon!
The orc warrior misses you.
Your Long Blades skill increases to level 9!
You slash the steam dragon! You bite the steam dragon!
You kill the steam dragon!
The orc warrior hits you from afar with a +0 halberd.
Your Necromancy skill increases to level 5!
Found a dagger.
The orc warrior misses you.
There is an open door, spattered with blood here.
Items here: ! $ ( ))) [.
The orc warrior hits you with a +0 halberd!
* * * LOW HITPOINT WARNING * * *
You hit the orc warrior but do no damage.
The orc warrior hits you but does no damage.
You hit the orc warrior.
The orc warrior is lightly wounded.
The orc warrior completely misses you.
You closely miss the orc warrior.
You bite the orc warrior, but do no damage.
The orc warrior is lightly wounded.
The orc warrior hits you with a +0 halberd!
* * * LOW HITPOINT WARNING * * *
You slash the orc warrior! You bite the orc warrior! You drain its power.
You feel invigorated.
The orc warrior is almost dead.
The orc warrior barely misses you.
The orc warrior hits you with a +0 halberd!
* * * LOW HITPOINT WARNING * * *
There is an open door, spattered with blood here.
Items here: ! $ ( ))) [.
The orc warrior hits you from afar with a +0 halberd.
* * * LOW HITPOINT WARNING * * *
The orc warrior hits you with a +0 halberd!
You die...
Your body crumbles into a pile of gold.

#.# #.........#
#####.##
#...).....#
.......#
#..8...8..# $
..###.##
#.........# ..# #.#
#.........# ..# #.#
#..8.8..# ### #.#
#.....# #.# #o..#
#.# #....#@#....#
#.# ######.######
########.....#
........##.### ###
####.....##.######.
#..
...................
#.#
###.....##########
#.# #.....# #.#
###.###


You could see an orc warrior.

Vanquished Creatures
  Pikel (D:4)
  Maggie (D:7)
  A wyvern (D:8)
  3 steam dragons
  An acid dragon (D:8)
  A water moccasin (D:7)
  An orc warrior (D:8)
  2 ice beasts
  A sky beast (D:7)
  4 ogres
  2 kobold brigands
  3 phantoms
  2 bullfrogs
  2 gnoll sergeants
  3 scorpions
  8 wights (D:8)
  5 killer bees (D:8)
  A howler monkey (D:7)
  A hound (D:5)
  An orc priest (D:8)
  A jelly (D:5)
  A sleepcap (D:6)
  5 iguanas
  2 orc wizards
  11 gnolls
  13 adders
  An ufetubus (D:5)
  A worm (D:5)
  10 orcs
  4 bats
  9 endoplasms
  6 giant cockroaches
  14 goblins
  6 hobgoblins
  2 quokkas
  8 ball pythons
  5 frilled lizards
  11 kobolds
  4 rats
158 creatures vanquished.

Notes
Turn   | Place    | Note
-------+----------+-------------------------------------------
     0 | D:1      | DeathPants the Vine Stalker Gladiator began the quest for
                  | the Orb.
     0 | D:1      | Reached XP level 1. HP: 11/11 MP: 2/2
   243 | D:1      | Reached XP level 2. HP: 7/15 MP: 3/3
   376 | D:1      | Reached skill level 3 in Long Blades
  1049 | D:2      | Reached XP level 3. HP: 12/18 MP: 4/4
  1093 | D:2      | Reached skill level 1 in Armour
  1332 | D:3      | Found a stormy altar of Qazlal.
  1351 | D:3      | Found a white marble altar of Elyvilon.
  1353 | D:3      | Gained mutation: Your natural rate of healing is unusually
                  | fast. [Vine Stalker growth]
  1353 | D:3      | Reached XP level 4. HP: 23/23 MP: 5/5
  1361 | D:3      | Found an iron altar of Okawaru.
  1362 | D:3      | Found a shimmering blue altar of Sif Muna.
  1362 | D:3      | Found a radiant altar of Vehumet.
  1362 | D:3      | Found a sacrificial altar of Ru.
  1362 | D:3      | Found a broken altar of Ashenzari.
  1362 | D:3      | Found an ancient bone altar of Kikubaaqudgha.
  1363 | D:3      | Found a glowing golden altar of the Shining One.
  1367 | D:3      | Found a snail-covered altar of Cheibriados.
  1369 | D:3      | Found an ornate altar of the Wu Jian Council.
  1370 | D:3      | Found a bloodstained altar of Trog.
  1375 | D:3      | Found a hazy altar of Hepliaklqana.
  1376 | D:3      | Found an opulent altar of Gozag.
  1380 | D:3      | Became a worshipper of Gozag Ym Sagoz the Greedy
  1842 | D:2      | Reached XP level 5. HP: 27/27 MP: 3/6
  2303 | D:3      | Reached skill level 4 in Long Blades
  2589 | D:4      | Found a hide-covered altar of Uskayaw.
  2653 | D:4      | Noticed a phantom
  2655 | D:4      | Killed a phantom
  2656 | D:4      | Reached XP level 6. HP: 32/32 MP: 7/7
  2822 | D:5      | Entered Level 5 of the Dungeon
  3180 | D:4      | Reached XP level 7. HP: 36/36 MP: 8/8
  3547 | D:5      | Noticed Pikel
  3571 | D:4      | Killed Pikel
  3572 | D:4      | Reached skill level 5 in Long Blades
  3572 | D:4      | Gained mutation: You have razor-sharp teeth. [Vine Stalker
                  | growth]
  3572 | D:4      | Reached XP level 8. HP: 31/42 MP: 5/9
  3709 | D:4      | Learned a level 1 spell: Necrotise
  3774 | D:5      | Reached skill level 6 in Long Blades
  3971 | D:5      | Reached skill level 1 in Spellcasting
  3971 | D:5      | Reached skill level 1 in Necromancy
  4517 | D:6      | Reached skill level 7 in Long Blades
  4517 | D:6      | Reached XP level 9. HP: 41/46 MP: 11/13
  4608 | D:6      | HP: 1/46 [ogre/+0 giant club (13)]
  5023 | D:7      | Reached skill level 5 in Fighting
  5144 | D:8      | HP: 1/42 [wight/+2 halberd (2)]
  5305 | D:7      | Found a staircase to the Ecumenical Temple.
  5376 | D:7      | Noticed Maggie
  5398 | D:7      | Killed Maggie
  5399 | D:7      | Reached skill level 8 in Long Blades
  6228 | D:8      | Reached XP level 10. HP: 42/53 MP: 11/17
  6642 | D:8      | Reached skill level 9 in Long Blades
  6643 | D:8      | Reached skill level 5 in Necromancy
  6651 | D:8      | Slain by an orc warrior

Illustrated notes

Levels and vault maps discovered:
D:1:      eino_arrival_cavern_b, layout_loops_cross, serial_aquarium,
          aquarium_bridge_square [aquarium_subvault_wall,
          aquarium_subvault_bridge, aquarium_subvault_bridge,
          aquarium_subvault_window], aquarium_bridge_square
          [aquarium_subvault_balcony, aquarium_subvault_bridge,
          aquarium_subvault_bridge, aquarium_subvault_balcony],
          aquarium_window_1, aquarium_window_corner, aquarium_view_2d
D:2:      layout_basic
D:3:      layout_rooms, minitemple, kennysheep_generic_room_16
D:4:      layout_basic, nicolae_uskayaw_murder_on_the_dancefloor,
          minmay_ogre_servants
D:5:      layout_rooms, hangedman_decor_points, nicolae_figureground_pulse,
          uniq_pikel
D:6:      layout_loops_ring, abandoned_shop
D:7:      layout_basic, minmay_temple_entry_hall, uniq_maggie
D:8:      kennysheep_ambush_hall, layout_loops_ring
D:9:      layout_loops_ring, dk_yredelemnul_ordeal, serial_shops, shop_statue

Skill      XL: |  1  2  3  4  5  6  7  8  9 10 |
---------------+-------------------------------+-----
Fighting       | 2 3 4 5 6 |  6.2
Long Blades    | 3 4 5 7 8 9 |  9.0
Armour         | 1 2 3 |  3.1
Dodging        | 3 4 |  4.1
Spellcasting   | 2 4 |  4.9
Necromancy     | 2 4 5 |  5.0
Throwing       | |  1.7

Action                     |  1- 3 |  4- 6 |  7- 9 | 10-12 || total
---------------------------+-------+-------+-------+-------++-------
  Melee: Long sword        |    85 |   126 |   197 |    67 ||   475
         Bite              |    18 |    22 |    55 |    23 ||   118
         Punch             |       |     1 |     6 |     1 ||     8
  Throw: Throwing net      |       |     2 |     2 |       ||     4
   Cast: Necrotise         |       |       |     2 |     8 ||    10
    Use: Scroll            |       |    17 |     6 |       ||    23
         Potion            |       |       |       |     1 ||     1
   Stab: Sleeping          |     3 |       |     1 |     1 ||     5
         Distracted        |       |       |     1 |       ||     1
 Armour: Ring mail         |    24 |    68 |    63 |       ||   155
         Leather armour    |     4 |       |       |       ||     4
         Steam dragon scal |       |       |     5 |    18 ||    23
  Dodge: Dodged            |    53 |   123 |   157 |    60 ||   393

Table legend: (Time is in decaauts)
 A = Elapsed time spent in this place.
 B = Non-inter-level travel time spent in this place.
 C = Inter-level travel time spent in this place.
 D = Time resting spent in this place.
 E = Time spent auto-exploring this place.
 F = Levels seen in this place.
 G = Mean time per level.
                   A        B        C        D        E       F      G
               +--------+--------+--------+--------+--------+-----+--------+
         Total |   6866 |   6738 |    128 |    435 |   4301 |   9 |  762.9 |
       Dungeon |   6866 |   6738 |    128 |    435 |   4301 |   9 |  762.9 |
               +--------+--------+--------+--------+--------+-----+--------+

Top non-repeatable levels by time:
     D:2: 1183 daAuts
     D:4: 1153 daAuts
     D:7: 1136 daAuts
     D:1: 894 daAuts
     D:6: 801 daAuts
     D:5: 605 daAuts
     D:3: 561 daAuts
     D:8: 524 daAuts
     D:9: 5 daAuts
